 Dungeon Crawl Stone Soup version 0.18-a0-1694-g9f731c2 (webtiles) character file.

121 Eucla the Insei (level 4, -3/40 HPs)
             Began as a Draconian Monk on Apr 5, 2016.
             Slain by a giant gecko (4 damage)
             ... on level 2 of the Dungeon.
             The game lasted 00:02:17 (1622 turns).

Eucla the Insei (Draconian Monk)                    Turns: 1622, Time: 00:02:18

Health: -3/40      AC:  6    Str: 16    XL:     4   Next: 77%
Magic:  4/4        EV: 13    Int: 10    God:
Gold:   87         SH:  0    Dex: 14    Spells: 0 memorised, 3 levels left

rFire  . . .     SeeInvis .       - Unarmed
rCold  . . .     Gourm    .     (armour unavailable)
rNeg   . . .     Faith    .     (no shield)
rPois  .         Spirit   .     (helmet restricted)
rElec  .         Dismiss  .     n - +0 cloak (curse)
rCorr  .         Reflect  .     (no gloves)
SustAt .         Harm     .     (no boots)
MR     .....     Rnd*Tele +     (no amulet)
Stlth  ++........               l - +2 ring of strength
                                b - ring of teleportation (curse)

@: not resistant to hostile enchantments, unstealthy
A: unfitting armour, cold-blooded, AC +5
a: no special abilities


You were on level 2 of the Dungeon.
You were not hungry.

You visited 1 branch of the dungeon, and saw 2 of its levels.

You collected 87 gold pieces.

Inventory:

Armour
 n - a cursed +0 cloak (worn)
Jewellery
 b - a cursed ring of teleportation (left hand)
 j - an uncursed ring of flight
 l - a +2 ring of strength (right hand)
 o - an uncursed ring of sustain attributes
Scrolls
 e - a scroll of enchant weapon {unknown}
 h - a scroll of blinking {unknown}
 i - 2 scrolls of identify {unknown}
 k - a scroll of noise {unknown}
 p - a scroll of immolation {unknown}
 r - a scroll of remove curse
Potions
 c - a potion of lignification {unknown}
 d - 2 potions of might {unknown}
 f - a potion of haste {unknown}
 g - a potion of curing {unknown}
 m - a potion of brilliance {unknown}
Comestibles
 a - 2 bread rations
 q - a royal jelly
 s - 3 chunks of flesh


   Skills:
 + Level 3.8 Fighting
 + Level 3.6 Dodging
 - Level 1.7 Stealth
 * Level 5.2 Unarmed Combat


You had 3 spell levels left.
You didn't know any spells.

Dungeon Overview and Level Annotations

Branches:
Dungeon (2/15)

Altars:


Innate Abilities, Weirdness & Mutations

Your plain brown scales are hard (AC +5).
Your body does not fit into most forms of armour.
You are cold-blooded and may be slowed by cold attacks.


Message History

You closely miss the gnoll. You tail-slap the gnoll.
The gnoll is almost dead.
The gnoll misses you.
The gnoll hits you from afar with a spear.
* * * LOW HITPOINT WARNING * * *
Unknown command.
The giant gecko barely misses you.
There is an open door here.
Unknown command.
The giant gecko bites you but does no damage.
The giant gecko barely misses you. The giant gecko barely misses you.
You hit the gnoll.
You kill the gnoll!
Unknown command.
The giant gecko bites you.
* * * LOW HITPOINT WARNING * * *
Unknown command.
The giant gecko bites you.
You die...

# .## #
##.########## .#
##..#........#
#.###.#.#...#.....
##)#.#........##.#
............#.##.#
##............##@#
.............g.l.#
........)#(#######
.....(..##+##
##...##g#...##
.......g.....##
.#.(.##.......##
..#.##....)....###
.....+............


You could see a gnoll and a giant gecko.

Vanquished Creatures
  Crazy Yiuf (D:2)
  Robin (D:2)
  3 gnolls (D:2)
  A worm (D:2)
  2 dart slugs
  A giant gecko (D:1)
  3 bats
  A giant cockroach (D:2)
  12 goblins
  5 hobgoblins
  6 jackals
  A giant newt (D:1)
  4 kobolds
41 creatures vanquished.

Notes
Turn   | Place    | Note
--------------------------------------------------------------
     0 | D:1      | Eucla the Draconian Monk began the quest for the Orb.
     0 | D:1      | Reached XP level 1. HP: 19/19 MP: 1/1
   491 | D:1      | Reached XP level 2. HP: 26/26 MP: 2/2
   816 | D:2      | Reached XP level 3. HP: 27/31 MP: 3/3
   958 | D:2      | Noticed Crazy Yiuf
   967 | D:2      | Killed Crazy Yiuf
  1198 | D:2      | Noticed Robin
  1209 | D:2      | Reached XP level 4. HP: 30/40 MP: 4/4
  1221 | D:2      | Killed Robin
  1567 | D:2      | Reached skill level 5 in Unarmed Combat
  1600 | D:2      | HP: 1/40 [gnoll/spear (5)]
  1618 | D:2      | HP: 1/40 [giant gecko (3)]
  1622 | D:2      | Slain by a giant gecko

Vault maps used:
D:1:      nicolae_arrival_washed_ashore, minmay_hedge_maze,
          kennysheep_minor_cross
D:2:      first_bread, uniq_crazy_yiuf_cottage, uniq_robin

Skill      XL: |  1  2  3  4 |
---------------+-------------+-----
Dodging        | 3 |  3.6
Unarmed Combat | 5 |  5.2
Fighting       | |  3.8
Stealth        | |  1.7

Action                   |  1- 3 |  4- 6 || total
-------------------------+-------+-------++-------
Melee: Unarmed           |    74 |    43 ||   117
       Dagger            |     1 |       ||     1
  Use: Scroll            |     1 |       ||     1
 Stab: Sleeping          |     1 |       ||     1
  Eat: Chunk             |     1 |     1 ||     2
